TOP OF THE 1ST |
Tacoma Rainiers batting - Pitching for Salt Lake Bees : RHP Allen Weaver
|
Pitching: RHP Allen Weaver
|
|
Batting: RHB Brad Robidas
|
0-0: Fly out, F5 (Line Drive, 5, EV 68.1 MPH)
|
Batting: RHB Enrique Valdez
|
0-0: Called Strike 0-1: TRIPLE (Flyball, 78XD, EV 105.6 MPH)
|
Batting: LHB Josh Pittman
|
0-0: Ball 1-0: Called Strike 1-1: Fly out, F7 (Flyball, 7D, EV 88.1 MPH) Runner from 3rd tags up, SCORES, no throw by LF
|
Batting: LHB Ryan Lowe
|
0-0: Called Strike 0-1: Swinging Strike 0-2: Foul Ball, location: 2F 0-2: Ball 1-2: Strikes out swinging
|
Top of the 1st over - 1 run, 1 hit, 0 errors, 0 left on base; Tacoma 1 - Salt Lake 0 |
BOTTOM OF THE 1ST |
Salt Lake Bees batting - Pitching for Tacoma Rainiers : RHP Vinny Reveles
|
Pitching: RHP Vinny Reveles
|
|
Batting: LHB Justin Alexander
|
0-0: Ball 1-0: Ground out 4-3 (Groundball, 4S, EV 68.1 MPH)
|
Batting: SHB Butch Brown
|
0-0: Ball 1-0: Foul Ball, location: 2F 1-1: Called Strike 1-2: Ball 2-2: Foul Ball, location: 2F 2-2: SINGLE (Groundball, 5L, EV 104.4 MPH) (infield hit)
|
Batting: LHB Jonathon Walton
|
0-0: Fly out, F8 (Flyball, 8RD, EV 89.4 MPH)
|
Batting: LHB James McCauley
|
0-0: SINGLE (Groundball, 34D, EV 97.5 MPH) Butch Brown to second Runner from 2nd tries for 3rd, SAFE, throw by RF made to third
|
Batting: RHB Melvin Gomez
|
0-0: Foul Ball, location: 2F 0-1: Ball 1-1: Ball 2-1: Ball 3-1: Base on Balls James McCauley to second
|
Batting: LHB Brett Bugge
|
0-0: Foul Ball, location: 2F 0-1: Ball 1-1: Ball 2-1: Swinging Strike 2-2: Fielders Choice at 2nd, 6-4 (Groundball, 6, EV 82.5 MPH)
|
Bottom of the 1st over - 0 runs, 2 hits, 0 errors, 3 left on base; Tacoma 1 - Salt Lake 0 |
TOP OF THE 2ND |
Tacoma Rainiers batting - Pitching for Salt Lake Bees : RHP Allen Weaver
|
Batting: SHB Ray Skogen
|
0-0: SINGLE (Groundball, 6S, EV 66.9 MPH) (infield hit)
|
Batting: RHB Rick Ellis
|
0-0: Called Strike 0-1: Foul Ball, location: 2F 0-2: Ball 1-2: Foul Ball, location: 2F 1-2: Ball 2-2: Fielders Choice at 2nd, 4-6 (Groundball, 4, EV 100.6 MPH)
|
Batting: RHB Zach Downs
|
0-0: Ball 1-0: Foul Ball, location: 2F 1-1: Called Strike Rick Ellis steals 2nd base 1-2: Ball 2-2: Ball 3-2: TRIPLE (Line Drive, 89XD, EV 110.0 MPH) Rick Ellis scores
|
Batting: RHB Chris Olheiser
|
0-0: Ball 1-0: Hit by Pitch
|
Batting: RHB Max Schellekens
|
0-0: Ball 1-0: Ball 2-0: SINGLE (Groundball, 56, EV 103.1 MPH) Zach Downs scores Chris Olheiser to second
|
Batting: RHB Brad Robidas
|
0-0: Called Strike 0-1: Foul Ball, location: 2F 0-2: Strikes out swinging
|
Batting: RHB Enrique Valdez
|
0-0: Foul Ball, location: 2F 0-1: Foul Ball, location: 2F 0-2: Strikes out swinging
|
Top of the 2nd over - 2 runs, 3 hits, 0 errors, 2 left on base; Tacoma 3 - Salt Lake 0 |
BOTTOM OF THE 2ND |
Salt Lake Bees batting - Pitching for Tacoma Rainiers : RHP Vinny Reveles
|
Batting: RHB Jeff Long
|
0-0: Called Strike 0-1: Foul Ball, location: 2F 0-2: Strikes out swinging
|
Batting: RHB Josh Faulconer
|
0-0: Called Strike 0-1: Swinging Strike 0-2: Ground out 5-3 (Groundball, 56S, EV 86.9 MPH)
|
Batting: RHB Juan Rosa
|
0-0: Fly out, F9 (Line Drive, 9S, EV 93.8 MPH)
|
Bottom of the 2nd over - 0 runs, 0 hits, 0 errors, 0 left on base; Tacoma 3 - Salt Lake 0 |
TOP OF THE 3RD |
Tacoma Rainiers batting - Pitching for Salt Lake Bees : RHP Allen Weaver
|
Batting: LHB Josh Pittman
|
0-0: Ball 1-0: Called Strike 1-1: Foul Ball, location: 2F 1-2: Ball 2-2: Strikes out swinging
|
Batting: LHB Ryan Lowe
|
0-0: Called Strike 0-1: Ball 1-1: Swinging Strike 1-2: Foul Ball, location: 2F 1-2: Foul Ball, location: 2F 1-2: Foul Ball, location: 2F 1-2: Ball 2-2: Foul Ball, location: 2F 2-2: Foul Ball, location: 2F 2-2: Ball 3-2: Foul Ball, location: 2F 3-2: Base on Balls
|
Batting: SHB Ray Skogen
|
0-0: Called Strike 0-1: Foul Ball, location: 2F 0-2: Ball 1-2: Foul Ball, location: 2F 1-2: Strikes out looking
|
Batting: RHB Rick Ellis
|
0-0: Ball 1-0: Ball 2-0: Foul Ball, location: 2F 2-1: Ball 3-1: Base on Balls Ryan Lowe to second
|
Batting: RHB Zach Downs
|
0-0: Foul Ball, location: 2F 0-1: Foul Ball, location: 2F 0-2: Foul Ball, location: 2F 0-2: Ground out 4-3 (Groundball, 4, EV 93.1 MPH)
|
Top of the 3rd over - 0 runs, 0 hits, 0 errors, 2 left on base; Tacoma 3 - Salt Lake 0 |
BOTTOM OF THE 3RD |
Salt Lake Bees batting - Pitching for Tacoma Rainiers : RHP Vinny Reveles
|
Batting: LHB Justin Alexander
|
0-0: Ball 1-0: Foul Ball, location: 2F 1-1: Ball 2-1: Foul Ball, location: 2F 2-2: SOLO HOME RUN (Flyball, 89XD, EV 98.1 MPH), Distance : 397 ft
|
Batting: SHB Butch Brown
|
0-0: Foul Ball, location: 2F 0-1: Ball 1-1: Foul Ball, location: 2F 1-2: Ball 2-2: DOUBLE (Groundball, 3L, EV 108.8 MPH)
|
Batting: LHB Jonathon Walton
|
0-0: Ball 1-0: Ball 2-0: Foul Ball, location: 2F 2-1: SINGLE (Line Drive, 4D, EV 106.2 MPH) Butch Brown to third
|
Batting: LHB James McCauley
|
0-0: Swinging Strike 0-1: Called Strike 0-2: Foul Ball, location: 2F 0-2: Foul Ball, location: 2F 0-2: Ball 1-2: Foul Ball, location: 2F 1-2: SINGLE (Groundball, 4MD, EV 94.4 MPH) Butch Brown scores Jonathon Walton to second
|
Batting: RHB Melvin Gomez
|
0-0: Swinging Strike 0-1: Ball 1-1: Called Strike 1-2: Strikes out swinging
|
Batting: LHB Brett Bugge
|
0-0: Fly out, F6 (Line Drive, 6, EV 67.5 MPH)
|
Batting: RHB Jeff Long
|
0-0: Foul Ball, location: 2F 0-1: Called Strike 0-2: Fly out, F9 (Flyball, 9S, EV 84.4 MPH)
|
Bottom of the 3rd over - 2 runs, 4 hits, 0 errors, 2 left on base; Tacoma 3 - Salt Lake 2 |
TOP OF THE 4TH |
Tacoma Rainiers batting - Pitching for Salt Lake Bees : RHP Allen Weaver
|
Batting: RHB Chris Olheiser
|
0-0: DOUBLE (Line Drive, 9LS, EV 98.1 MPH)
|
Batting: RHB Max Schellekens
|
0-0: Swinging Strike 0-1: Called Strike 0-2: Ball 1-2: Ground out 6-3 (Groundball, 6, EV 100.0 MPH)
|
Batting: RHB Brad Robidas
|
0-0: Swinging Strike 0-1: Swinging Strike 0-2: Ball 1-2: Strikes out swinging
|
Batting: RHB Enrique Valdez
|
0-0: Called Strike 0-1: Called Strike 0-2: Ball 1-2: 2-RUN HOME RUN (Line Drive, 78XD, EV 104.4 MPH), Distance : 408 ft
|
Batting: LHB Josh Pittman
|
0-0: SINGLE (Groundball, 34D, EV 103.8 MPH)
|
Pitching: RHP Joe Beam
|
|
Batting: LHB Ryan Lowe
|
0-0: Ball 1-0: Foul Ball, location: 2F 1-1: Foul Ball, location: 2F 1-2: Ground out 4-3 (Groundball, 34, EV 90.6 MPH)
|
Top of the 4th over - 2 runs, 3 hits, 0 errors, 1 left on base; Tacoma 5 - Salt Lake 2 |
BOTTOM OF THE 4TH |
Salt Lake Bees batting - Pitching for Tacoma Rainiers : RHP Vinny Reveles
|
Batting: RHB Josh Faulconer
|
0-0: Called Strike 0-1: Foul Ball, location: 2F 0-2: Strikes out swinging, 2-3 out at first.
|
Batting: RHB Juan Rosa
|
0-0: Ball 1-0: Ball 2-0: Ball 3-0: Called Strike 3-1: Fly out, F4 (Flyball, 3D, EV 89.4 MPH)
|
Batting: LHB Justin Alexander
|
0-0: Ball 1-0: Ball 2-0: Fly out, F9 (Flyball, 89S, EV 83.1 MPH)
|
Bottom of the 4th over - 0 runs, 0 hits, 0 errors, 0 left on base; Tacoma 5 - Salt Lake 2 |
TOP OF THE 5TH |
Tacoma Rainiers batting - Pitching for Salt Lake Bees : RHP Joe Beam
|
Batting: SHB Ray Skogen
|
0-0: Ball 1-0: Called Strike 1-1: DOUBLE (Groundball, 3L, EV 105.6 MPH)
|
Batting: RHB Rick Ellis
|
0-0: Called Strike 0-1: Ball 1-1: Ball 2-1: Foul Ball, location: 2F 2-2: Ball 3-2: Reached on error, E6 (Groundball, 6S, EV 67.5 MPH) Ray Skogen to third
|
Batting: RHB Zach Downs
|
0-0: Fly out, F8 (Line Drive, 78M, EV 103.8 MPH)
|
Batting: RHB Chris Olheiser
|
0-0: SINGLE (Groundball, 34, EV 106.9 MPH) Ray Skogen scores Rick Ellis to second Runner from 2nd tries for 3rd, SAFE, throw by RF made to third
|
Batting: RHB Max Schellekens
|
0-0: Ball 1-0: Ball 2-0: Foul Ball, location: 2F 2-1: Fly out, F8 (Flyball, 89D, EV 95.0 MPH) Runner from 3rd tags up, SCORES, throw by CF
|
Batting: RHB Brad Robidas
|
0-0: Ball 1-0: SINGLE (Groundball, 13, EV 78.1 MPH) (infield hit) Chris Olheiser to second
|
Batting: RHB Enrique Valdez
|
0-0: Ball 1-0: Foul Ball, location: 2F 1-1: Foul Ball, location: 2F 1-2: Foul Ball, location: 2F 1-2: Foul Ball, location: 2F 1-2: Foul Ball, location: 2F 1-2: Strikes out swinging
|
Top of the 5th over - 2 runs, 3 hits, 1 error, 2 left on base; Tacoma 7 - Salt Lake 2 |
BOTTOM OF THE 5TH |
Salt Lake Bees batting - Pitching for Tacoma Rainiers : RHP Vinny Reveles
|
Batting: SHB Butch Brown
|
0-0: Called Strike 0-1: Fly out, F9 (Flyball, 9LSF, EV 80.0 MPH)
|
Batting: LHB Jonathon Walton
|
0-0: Called Strike 0-1: Ball 1-1: Ball 2-1: Foul Ball, location: 2F 2-2: Strikes out swinging
|
Batting: LHB James McCauley
|
0-0: Swinging Strike 0-1: Swinging Strike 0-2: SINGLE (Line Drive, 6D, EV 103.1 MPH)
|
Batting: RHB Melvin Gomez
|
0-0: Called Strike 0-1: Ball 1-1: Ball 2-1: Ball 3-1: Foul Ball, location: 2F 3-2: Ground out 4-3 (Groundball, 34, EV 104.4 MPH)
|
Bottom of the 5th over - 0 runs, 1 hit, 0 errors, 1 left on base; Tacoma 7 - Salt Lake 2 |
TOP OF THE 6TH |
Tacoma Rainiers batting - Pitching for Salt Lake Bees : RHP Joe Beam
|
Batting: LHB Josh Pittman
|
0-0: Called Strike 0-1: Ground out 6-3 (Groundball, 6, EV 94.4 MPH)
|
Pitching: RHP Harry Christopher
|
|
Batting: LHB Ryan Lowe
|
0-0: Called Strike 0-1: Ground out 4-3 (Groundball, 4, EV 86.2 MPH)
|
Batting: SHB Ray Skogen
|
0-0: Ball 1-0: Called Strike 1-1: Swinging Strike 1-2: Foul Ball, location: 2F 1-2: Strikes out swinging
|
Top of the 6th over - 0 runs, 0 hits, 0 errors, 0 left on base; Tacoma 7 - Salt Lake 2 |
BOTTOM OF THE 6TH |
Salt Lake Bees batting - Pitching for Tacoma Rainiers : RHP Vinny Reveles
|
Batting: LHB Brett Bugge
|
0-0: Called Strike 0-1: Ball 1-1: Ball 2-1: Called Strike 2-2: Foul Ball, location: 2F 2-2: Foul Ball, location: 2F 2-2: Foul Ball, location: 2F 2-2: Ball 3-2: SINGLE (Groundball, 56D, EV 104.4 MPH)
|
Pitching: RHP Marty Maginnis
|
|
Batting: RHB Jeff Long
|
0-0: Ball 1-0: Foul Ball, location: 2F 1-1: Swinging Strike 1-2: Strikes out swinging
|
Batting: RHB Josh Faulconer
|
0-0: Ball 1-0: SINGLE (Groundball, P, EV 78.1 MPH) (infield hit) Brett Bugge to second
|
Batting: RHB Juan Rosa
|
0-0: SINGLE (Line Drive, 89S, EV 84.4 MPH) Brett Bugge to third Josh Faulconer to second
|
Batting: LHB Justin Alexander
|
0-0: Called Strike 0-1: Fielders Choice at 2nd, U6 (Groundball, 4M, EV 85.0 MPH) Brett Bugge scores Josh Faulconer to third
|
Batting: SHB Butch Brown
|
0-0: SINGLE (Groundball, 34D, EV 98.8 MPH) Josh Faulconer scores Justin Alexander to second Runner from 2nd tries for 3rd, SAFE, throw by RF made to third
|
Batting: LHB Jonathon Walton
|
0-0: Called Strike Butch Brown is caught stealing 2nd base 2-6
|
Bottom of the 6th over - 2 runs, 4 hits, 0 errors, 1 left on base; Tacoma 7 - Salt Lake 4 |
TOP OF THE 7TH |
Tacoma Rainiers batting - Pitching for Salt Lake Bees : RHP Harry Christopher
|
Batting: RHB Rick Ellis
|
0-0: Called Strike 0-1: Ball 1-1: Called Strike 1-2: Ball 2-2: Foul Ball, location: 2F 2-2: Foul Ball, location: 2F 2-2: Ball 3-2: Strikes out swinging
|
Batting: RHB Zach Downs
|
0-0: Called Strike 0-1: Swinging Strike 0-2: Strikes out looking
|
Batting: RHB Chris Olheiser
|
0-0: Swinging Strike 0-1: Ball 1-1: Ball 2-1: SINGLE (Groundball, 34D, EV 100.0 MPH)
|
Batting: RHB Max Schellekens
|
0-0: Ball 1-0: Foul Ball, location: 2F 1-1: Ball 2-1: Foul Ball, location: 2F 2-2: Foul Ball, location: 2F 2-2: Ball 3-2: Ground out U3 (Groundball, 3L, EV 92.5 MPH)
|
Top of the 7th over - 0 runs, 1 hit, 0 errors, 1 left on base; Tacoma 7 - Salt Lake 4 |
BOTTOM OF THE 7TH |
Salt Lake Bees batting - Pitching for Tacoma Rainiers : RHP Marty Maginnis
|
Batting: LHB Jonathon Walton
|
0-0: Called Strike 0-1: Foul Ball, location: 2F 0-2: Ball 1-2: Strikes out swinging
|
Batting: LHB James McCauley
|
0-0: Called Strike 0-1: Ball 1-1: Called Strike 1-2: Fly out, F8 (Line Drive, 8LM, EV 91.2 MPH)
|
Batting: RHB Melvin Gomez
|
0-0: Called Strike 0-1: Called Strike 0-2: Strikes out swinging
|
Bottom of the 7th over - 0 runs, 0 hits, 0 errors, 0 left on base; Tacoma 7 - Salt Lake 4 |
TOP OF THE 8TH |
Tacoma Rainiers batting - Pitching for Salt Lake Bees : RHP Harry Christopher
|
Pitching: LHP Nick Yarbrough
|
|
Batting: RHB Brad Robidas
|
0-0: Ground out 6-3 (Groundball, 6MD, EV 82.5 MPH)
|
Batting: RHB Enrique Valdez
|
0-0: Ball 1-0: Called Strike 1-1: DOUBLE (Line Drive, 9LM, EV 98.1 MPH)
|
Batting: LHB Josh Pittman
|
0-0: Foul Ball, location: 2F 0-1: Swinging Strike 0-2: Strikes out looking
|
Batting: LHB Ryan Lowe
|
0-0: Ball 1-0: Ball 2-0: Ball 3-0: Base on Balls
|
Batting: SHB Ray Skogen
|
0-0: Called Strike 0-1: Swinging Strike 0-2: Ball 1-2: Strikes out swinging
|
Top of the 8th over - 0 runs, 1 hit, 0 errors, 2 left on base; Tacoma 7 - Salt Lake 4 |
BOTTOM OF THE 8TH |
Salt Lake Bees batting - Pitching for Tacoma Rainiers : RHP Marty Maginnis
|
Now in LF: Kagetoki Kawai
|
|
Batting: LHB Brett Bugge
|
0-0: Ball 1-0: Called Strike 1-1: Swinging Strike 1-2: Ground out 5-3 (Groundball, 56S, EV 81.2 MPH)
|
Batting: RHB Jeff Long
|
0-0: SINGLE (Groundball, 6M, EV 104.4 MPH) (infield hit)
|
Batting: RHB Josh Faulconer
|
0-0: Ball 1-0: Ball 2-0: Called Strike 2-1: Foul Ball, location: 2F 2-2: Strikes out looking
|
Batting: RHB Juan Rosa
|
0-0: Ball 1-0: Called Strike 1-1: SINGLE (Groundball, 6D, EV 94.4 MPH) Jeff Long to second
|
Batting: LHB Justin Alexander
|
0-0: Called Strike 0-1: Swinging Strike 0-2: Foul Ball, location: 2F 0-2: Ball 1-2: Strikes out swinging
|
Bottom of the 8th over - 0 runs, 2 hits, 0 errors, 2 left on base; Tacoma 7 - Salt Lake 4 |
TOP OF THE 9TH |
Tacoma Rainiers batting - Pitching for Salt Lake Bees : LHP Nick Yarbrough
|
Pitching: RHP Danny Nava
|
|
Batting: RHB Rick Ellis
|
0-0: Called Strike 0-1: Ball 1-1: Ball 2-1: Foul Ball, location: 2F 2-2: Strikes out looking
|
Batting: RHB Zach Downs
|
0-0: Ball 1-0: Ground out 4-3 (Groundball, 4, EV 87.5 MPH)
|
Batting: RHB Chris Olheiser
|
0-0: Called Strike 0-1: Swinging Strike 0-2: Strikes out swinging
|
Top of the 9th over - 0 runs, 0 hits, 0 errors, 0 left on base; Tacoma 7 - Salt Lake 4 |
BOTTOM OF THE 9TH |
Salt Lake Bees batting - Pitching for Tacoma Rainiers : RHP Marty Maginnis
|
Pitching: LHP Adam Parrish
|
|
Batting: SHB Butch Brown
|
0-0: Called Strike 0-1: Ball 1-1: Ball 2-1: Foul Ball, location: 2F 2-2: Ball 3-2: Foul Ball, location: 2F 3-2: Base on Balls
|
Pinch Hitting: RHB Jimmy Buzard
|
0-0: Called Strike 0-1: Swinging Strike 0-2: Ball 1-2: Ball 2-2: Strikes out swinging
|
Batting: LHB James McCauley
|
0-0: SINGLE (Groundball, 34D, EV 98.1 MPH) Butch Brown to second
|
Batting: RHB Melvin Gomez
|
0-0: Ball 1-0: Grounds into double play, 5-4-3 (Groundball, 56S, EV 80.6 MPH)
|
Bottom of the 9th over - 0 runs, 1 hit, 0 errors, 1 left on base; Tacoma 7 - Salt Lake 4 |
|